cohdb
Replays
Latest Replays
All Replays
Popular Replays
Top Player Replays
Match Explorer
How It Works
Community
CoH3 Stats
Reddit
Sign in to upload your games and track your stats! →
Sign in with Steam
Match 42778146
Unlisted
Match 42778146
Overview
Messages
Build Orders
End
Selects Airborne Battlegroup
Selects Heavy Machine Gun Paradrop
Construct Barracks
Engineer Squad
Heavy Machine Gun Paradrop
Riflemen Squad
Riflemen Squad
Heavy Machine Gun Paradrop
Selects Paratrooper Squad Paradrop
Air Support Center
Paratrooper Squad Paradrop
P-47 Strafing Run
Construct Medical Station
Selects Anti-tank Gun Team Paradrop
Anti-tank Gun Team Paradrop
Grasshopper Recon Run
P-47 Strafing Run
Anti-tank Gun Team Paradrop
Heavy Machine Gun Paradrop
XuZhongwei
乔龙迪克
0
0
Comments
sign in to comment!
No comments posted yet!